 Dungeon Crawl Stone Soup version 0.26-a0-597-gb535b0901c (webtiles) character file.

Game seed: 11686404199760347794

1112 MrRokkomies the Charlatan (level 7, 0/58 HPs)
             Began as a Demigod Artificer on Aug 27, 2020.
             Slain by an ogre
             ... wielding a +0 giant club
              (19 damage)
             ... on level 5 of the Dungeon.
             The game lasted 00:08:49 (5531 turns).

MrRokkomies the Charlatan (Demigod Artificer)       Turns: 5531, Time: 00:08:50

Health: 0/58       AC:  7    Str: 15    XL:     7   Next: 87%
Magic:  9/9        EV: 15    Int: 19    God:
Gold:   184        SH:  0    Dex: 16    Spells: 6/6 levels left

rFire    . . .     SeeInvis .   a - +2 short sword (drain)
rCold    . . .     Faith    .   (no shield)
rNeg     . . .     Spirit   .   b - +1 leather armour
rPois    .         Reflect  +   l - +2 helmet
rElec    .         Harm     .   (no cloak)
rCorr    .         Rnd*Tele +   (no gloves)
MR       .....                  (no boots)
Stlth    ..........             g - amulet of reflection
HPRegen  0.19/turn              k - ring of attention (curse)
MPRegen  0.11/turn              o - ring of teleportation (curse)

@: confused, very slightly contaminated, invisible
A: high mp 1
a: no special abilities


You were on level 5 of the Dungeon.
You visited 1 branch of the dungeon, and saw 5 of its levels.

You collected 184 gold pieces.

Inventory:

Hand Weapons
 a - a +2 short sword of draining (weapon)
Missiles
 i - 27 poisoned darts (quivered)
 m - 6 javelins
Armour
 b - a +1 leather armour (worn)
 l - a +2 helmet (worn)
Jewellery
 g - an amulet of reflection (around neck)
 k - a cursed ring of attention (left hand)
 o - a cursed ring of teleportation (right hand)
Wands
 d - a wand of enslavement (13)
 e - a wand of random effects (15)
Scrolls
 c - a scroll of amnesia
Potions
 f - a potion of lignification
 j - a potion of invisibility
 n - a potion of curing {unknown}


   Skills:
 + Level 3.8 Fighting
 - Level 1.7 Armour
 * Level 5.5 Dodging
 - Level 0.8 Stealth
 * Level 6.1 Evocations


You had 6 spell levels left.
You didn't know any spells.
Your spell library was empty.

Dungeon Overview and Level Annotations

Branches:
Dungeon (5/15)             Temple (0/1) D:4

Shops:
D:4 [


Innate Abilities, Weirdness & Mutations

You have an increased reservoir of magic. (+10% MP)


Message History

* * * LOW HITPOINT WARNING * * *
You block the ball python's attack.
Unknown command.
Okay, then.
* * * LOW HITPOINT WARNING * * *
You feel sick.
Found 7 gold pieces.
Okay, then.
You are confused.
You feel invigorated. The ogre barely misses you.
You're too confused to move!
The ogre misses you.
You completely miss the ogre.
The ogre is moderately wounded.
The ogre closely misses you.
You hit the ogre but do no damage. You drain the ogre.
The ogre is moderately wounded.
You feel sick.
You are no longer poisoned.
The ogre hits you with a +0 giant club!!
You die...

#..........#### ..
######.##.....####.###
#.##.^...........
#.##..##...###.. #
.....###(#.#.# #.#
.##..# #.†(#)#...#
#.....###S(.#
#...#.#.#O#.# ##. ..
#@#.#.# ###..#.#.#.!
#...# #.#.#.. ###.
#.#..## . #.##. #. #$#
# . ## ##


You could see an ogre (drained) and a ball python.

Vanquished Creatures
  Sigmund (D:3)
  2 ice beasts (D:5)
  An ogre (D:4)
  2 centaurs (D:5)
  A scorpion (D:4)
  2 hounds (D:5)
  3 worker ants
  An orc wizard (D:3)
  A worker ant zombie (D:5)
  Robin (D:3)
  4 gnolls
  10 adders
  An ufetubus (D:5)
  4 oozes
  An adder skeleton (D:5)
  3 worms
  3 dart slugs
  3 leopard geckos
  5 orcs
  5 giant cockroaches
  7 hobgoblins
  7 jackals
  2 quokkas
  7 bats
  8 frilled lizards
  11 goblins
  12 kobolds
  9 rats
117 creatures vanquished.

Vanquished Creatures (collateral kills)
  2 gnolls (D:3)
  A worm (D:3)
3 creatures vanquished.

Vanquished Creatures (others)
  A scorpion (D:5)
  2 plants (D:2)
3 creatures vanquished.

Grand Total: 123 creatures vanquished

Notes
Turn   | Place    | Note
-------+----------+-------------------------------------------
     0 | D:1      | MrRokkomies the Demigod Artificer began the quest for the
                  | Orb.
     0 | D:1      | Reached XP level 1. HP: 15/15 MP: 3/3
    74 | D:1      | Reached skill level 1 in Dodging
   101 | D:1      | Reached skill level 1 in Fighting
   536 | D:1      | Reached skill level 3 in Evocations
   536 | D:1      | Reached XP level 2. HP: 4/23 MP: 4/4
   984 | D:1      | You fall into a shaft and drop 1 floor!
  1284 | D:2      | Reached XP level 3. HP: 17/28 MP: 5/5
  2326 | D:2      | Found a blossoming altar of Fedhas.
  2346 | D:2      | Reached XP level 4. HP: 35/36 MP: 6/6
  2797 | D:3      | Noticed Sigmund
  2805 | D:3      | Killed Sigmund
  2805 | D:3      | Reached skill level 4 in Evocations
  2805 | D:3      | Reached XP level 5. HP: 24/42 MP: 7/7
  2951 | D:3      | Found a shattered altar of Ashenzari.
  2993 | D:3      | Reached XP level 6. HP: 50/50 MP: 8/8
  3084 | D:3      | Noticed Robin
  3133 | D:3      | Killed Robin
  4187 | D:4      | Found Giuwkyc's Antique Armour Shop.
  4402 | D:4      | Found a staircase to the Ecumenical Temple.
  4495 | D:4      | Reached skill level 5 in Evocations
  4683 | D:4      | Reached XP level 7. HP: 41/57 MP: 9/9
  4823 | D:4      | Found a shattered altar of Ashenzari.
  4824 | D:4      | Found a shadowy altar of Dithmenos.
  4948 | D:5      | Entered Level 5 of the Dungeon
  5044 | D:5      | Reached skill level 5 in Dodging
  5506 | D:5      | Reached skill level 6 in Evocations
  5525 | D:5      | HP: 2/58 [ogre/+0 giant club (17)]
  5531 | D:5      | Slain by an ogre

Illustrated notes

Levels and vault maps discovered:
D:1:      nzn_arrival_crosshair, layout_basic
D:2:      layout_basic, fedhas_ov_isle_minmay, cheibrodos_gnoll_hut
D:3:      layout_basic, ashenzari_altar_1, uniq_sigmund, uniq_robin
D:4:      layout_rooms, gammafunk_temple_overflow_statue,
          minmay_temple_entry_grid, serial_shops, nicolae_shop_stone,
          st_stairs_8, kennysheep_generic_room_5
D:5:      layout_loops_ring, minmay_starry_boxes

Skill      XL: |  1  2  3  4  5  6  7 |
---------------+----------------------+-----
Dodging        | 1 2 3 4 5 |  5.5
Fighting       | 1 2 3 |  3.8
Evocations     | 3 4 5 6 |  6.1
Armour         | |  1.7
Stealth        | |  0.8

Action                   |  1- 3 |  4- 6 |  7- 9 || total
-------------------------+-------+-------+-------++-------
Melee: Short sword       |   103 |   120 |    97 ||   320
       Club              |     4 |       |       ||     4
       Halberd           |       |    51 |       ||    51
Throw: Dart              |    36 |    80 |     6 ||   122
       Javelin           |       |     2 |       ||     2
Evoke: Wand              |     6 |    11 |       ||    17
  Use: Scroll            |     2 |     9 |       ||    11
       Potion            |       |       |     2 ||     2
 Stab: Sleeping          |     1 |     6 |       ||     7
       Invisible         |       |       |     1 ||     1
Armor: Leather armour    |    44 |    61 |    17 ||   122
Dodge: Dodged            |    83 |   137 |    59 ||   279
Block: Other             |    17 |    40 |    32 ||    89
       Reflection        |     3 |     1 |     2 ||     6

Table legend: (Time is in decaauts)
 A = Elapsed time spent in this place.
 B = Non-inter-level travel time spent in this place.
 C = Inter-level travel time spent in this place.
 D = Time resting spent in this place.
 E = Time spent auto-exploring this place.
 F = Levels seen in this place.
 G = Mean time per level.
                   A        B        C        D        E       F      G
               +--------+--------+--------+--------+--------+-----+--------+
         Total |   5588 |   5459 |    129 |    149 |   4270 |   5 | 1117.6 |
       Dungeon |   5588 |   5459 |    129 |    149 |   4270 |   5 | 1117.6 |
               +--------+--------+--------+--------+--------+-----+--------+

Top non-repeatable levels by time:
     D:3: 1545 daAuts
     D:2: 1464 daAuts
     D:1: 1213 daAuts
     D:4: 773 daAuts
     D:5: 591 daAuts
